 Seeded DCSS version 0.27-a0-95-g5a9077b8ae (webtiles) character file.

Game seed: 5125158891462947277 (custom seed)

458 tacoguy the Shield-Bearer (level 6, -1/56 HPs)
             Began as a Minotaur Fighter on Jan 18, 2021.
             Succumbed to an orc priest's poison
             ... on level 5 of the Dungeon.
             The game lasted 00:06:00 (2191 turns).

tacoguy the Shield-Bearer (Minotaur Fighter)        Turns: 2191, Time: 00:06:01

Health: -1/56      AC:  7    Str: 22    XL:     6   Next: 77%
Magic:  5/5        EV:  9    Int:  5    God:
Gold:   266        SH: 10    Dex: 10    Spells: 5/5 levels left

rFire    . . .     SeeInvis .   a - +0 war axe
rCold    . . .     Faith    .   c - +0 kite shield
rNeg     . . .     Spirit   .   b - +0 scale mail
rPois    .         Reflect  .   (helmet restricted)
rElec    .         Harm     .   (no cloak)
rCorr    .         Rampage  .   (no gloves)
Will     .....                  (no boots)
Stlth    ..........             (no amulet)
HPRegen  0.18/turn              (no ring)
MPRegen  0.09/turn              (no ring)

@: lethally poisoned (-1 -> -13), berserk cooldown, slowed, very slow
A: retaliatory headbutt, horns 2
a: no special abilities


You were on level 5 of the Dungeon.
You visited 1 branch of the dungeon, and saw 5 of its levels.

You collected 266 gold pieces.

Inventory:

Hand Weapons
 a - a +0 war axe (weapon)
Armour
 b - a +0 scale mail (worn)
 c - a +0 kite shield (worn)
Scrolls
 e - a scroll of magic mapping {unknown}
 f - 3 scrolls of remove curse {unknown}
 g - a scroll of random uselessness {unknown}
 h - a scroll of enchant armour {unknown}
 i - a scroll of identify {unknown}
Potions
 j - a potion of mutation {unknown}
 k - a potion of haste {unknown}


   Skills:
 + Level 5.2 Fighting
 + Level 4.3 Axes
 + Level 5.3 Armour
 + Level 3.0 Dodging
 + Level 5.3 Shields


You had 5 spell levels left.
You didn't know any spells.
Your spell library contained the following spells:

 Spells                   Type           Power        Failure   Level
 Beastly Appendage        Tmut           0%           99%         1
 Wereblood                Tmut           0%           100%        2
 Spider Form              Tmut/Pois      0%           100%        3
 Ice Form                 Ice/Tmut       0%           100%        4
 Blade Hands              Tmut           0%           100%        5


Dungeon Overview and Level Annotations

Branches:
Dungeon (6/15)             Temple (0/1) D:5

Altars:
Vehumet


Innate Abilities, Weirdness & Mutations

You reflexively headbutt those who attack you in melee.
You have a pair of horns on your head.


Message History

* * * LOW HITPOINT WARNING * * *
You feel sick.
You feel a strong urge to attack something.
* * * LOW HITPOINT WARNING * * *
You feel sick.
* * * LOW HITPOINT WARNING * * *
You feel sick. The orc hits you but does no damage.
You feel your anger nearly subside.
You are no longer berserk.
You are exhausted.
You feel yourself slow down.
* * * LOW HITPOINT WARNING * * *
You feel sick.
* * * LOW HITPOINT WARNING * * *
You feel sick. The orc hits you with a +0 hand axe.
* * * LOW HITPOINT WARNING * * *
The orc closely misses you. You block the orc's attack.
The orc hits you but does no damage.
* * * LOW HITPOINT WARNING * * *
You feel sick. You block the orc's attack. The orc hits you but does no damage.
You die...

..................#...
.......8.8.8.†....#...
##..⌠.⌠..#...##...
###+#..8.>.8.....##... ♣♣♣
♣.......⌠.⌠...........
P≈≈P♣♣.>...8.8.8..........
≈≈≈≈P≈P≈...................
≈≈≈..P...#................[
.≈......Bo@.....#..#..####+
.........o)#########.)###
≈..≈.≈.P≈≈♣♣ #..†..#
.≈≈≈≈≈≈≈≈≈≈ #.....#
≈≈P≈P≈≈≈≈P≈≈ #.....#
o≈≈≈≈≈≈≈≈≈≈ #.....#
≈≈≈≈P≈≈♣≈♣ #.....# ≈≈≈≈≈♣♣
## #.....# #.>...#


You could see a worker ant and 2 orcs.

Vanquished Creatures
  An ogre (D:5)
  3 wights (D:6)
  A quasit (D:5)
  An orc priest (D:5)
  4 orc wizards
  A hound skeleton (D:5)
  2 adders (D:2)
  5 leopard geckos
  3 orcs (D:3)
  2 giant cockroaches
  8 goblins
  5 hobgoblins
  7 kobolds
  3 quokkas
  4 bats
  3 frilled lizards (D:1)
  2 rats
55 creatures vanquished.

Vanquished Creatures (others)
  3 fungi (D:1)
  5 plants (D:5)
  5 toadstools (D:1)
13 creatures vanquished.

Grand Total: 68 creatures vanquished

Notes
Turn   | Place    | Note
-------+----------+-------------------------------------------
     0 | D:1      | tacoguy the Minotaur Fighter began the quest for the Orb.
     0 | D:1      | Reached XP level 1. HP: 19/19 MP: 0/0
   360 | D:1      | Reached XP level 2. HP: 25/27 MP: 1/1
   807 | D:2      | Found a faded altar of an unknown god.
   978 | D:2      | Noticed an ogre
   992 | D:2      | Reached XP level 3. HP: 33/33 MP: 2/2
  1238 | D:2      | Reached skill level 1 in Dodging
  1404 | D:3      | Found a radiant altar of Vehumet.
  1523 | D:3      | Reached XP level 4. HP: 12/41 MP: 3/3
  1800 | D:3      | You fall into a shaft and drop 3 floors!
  1909 | D:6      | Reached XP level 5. HP: 47/47 MP: 4/4
  2050 | D:6      | Noticed an ogre
  2108 | D:5      | Entered Level 5 of the Dungeon
  2111 | D:5      | Reached skill level 5 in Shields
  2111 | D:5      | Reached XP level 6. HP: 23/55 MP: 5/5
  2119 | D:5      | Found a staircase to the Ecumenical Temple.
  2123 | D:5      | Reached skill level 5 in Armour
  2130 | D:5      | Reached skill level 5 in Fighting
  2190 | D:5      | HP: 1/56 [poisoned by an orc priest]
  2191 | D:5      | Succumbed to an orc priest's poison

Illustrated notes

Levels and vault maps discovered:
D:1:      dpeg_arrival_pits, layout_rooms, minmay_misc_feat_secret_circle,
          minmay_gold_behind_fungi, minmay_surrounded
D:2:      layout_basic, chequers_ecumenical_altar_island, lightli_corner_chamber
D:3:      layout_basic, zin_academy, vehumet_crystals, bh_walls_and_bars
D:5:      wander_river, layout_gridville, cheibriados_altar_2,
          minmay_temple_entry_statues_fountains, gup_sewer_entry_spiral,
          serial_bayou_ford_a, chequers_serial_rivers_small_3,
          minmay_fire_ice_demons
D:6:      layout_basic, basic_altar, st_stairs_12

Skill      XL: |  1  2  3  4  5  6 |
---------------+-------------------+-----
Shields        | 4 5 |  5.3
Armour         | 4 5 |  5.3
Fighting       | 4 5 |  5.2
Dodging        | 1 2 3 |  3.0
Axes           | 3 4 |  4.3

Action                   |  1- 3 |  4- 6 || total
-------------------------+-------+-------++-------
Melee: War axe           |    77 |    39 ||   116
       Headbutt          |    11 |     9 ||    20
  Use: Potion            |       |     2 ||     2
Armor: Scale mail        |    50 |    16 ||    66
Dodge: Dodged            |    46 |    17 ||    63
Block: Kite shield       |    55 |    24 ||    79

Table legend: (Time is in decaauts)
 A = Elapsed time spent in this place.
 B = Non-inter-level travel time spent in this place.
 C = Inter-level travel time spent in this place.
 D = Time resting spent in this place.
 E = Time spent auto-exploring this place.
 F = Levels seen in this place.
 G = Mean time per level.
                   A        B        C        D        E       F      G
               +--------+--------+--------+--------+--------+-----+--------+
         Total |   2238 |   2107 |    131 |      2 |   1683 |   5 |  447.6 |
       Dungeon |   2238 |   2107 |    131 |      2 |   1683 |   5 |  447.6 |
               +--------+--------+--------+--------+--------+-----+--------+

Top non-repeatable levels by time:
     D:2: 699 daAuts
     D:1: 678 daAuts
     D:3: 459 daAuts
     D:6: 313 daAuts
     D:5: 86 daAuts
